 Dungeon Crawl Stone Soup version 0.21.0 (webtiles) character file.

152761 inmateoo the Earth Mage (level 18, -16/138 HPs)
             Began as a Formicid Earth Elementalist on Jan 7, 2018.
             Was the Champion of Vehumet.
             Demolished by a naga warrior
             ... wielding a +0 battleaxe
              (19 damage)
             ... on level 3 of the Snake Pit.
             The game lasted 02:02:18 (41910 turns).

inmateoo the Earth Mage (FoEE)                     Turns: 41910, Time: 02:02:19

Health: -16/138    AC:  8    Str: 14    XL:     18   Next: 21%
Magic:  13/42      EV: 11    Int: 25    God:    Vehumet [******]
Gold:   1947       SH:  0    Dex:  6    Spells: 5/40 levels left

rFire    + . .     SeeInvis +   M - +0 trident of Satyriasis {holy, rF+ MP+9 Int+3 Dex-5}
rCold    . . .     Gourm    +   (no shield)
rNeg     . . .     Faith    .   c - +2 leather armour {MR+}
rPois    +         Spirit   .   (helmet unavailable)
rElec    .         Reflect  .   A - scarf {cloud immunity}
rCorr    .         Harm     .   Q - +2 pair of gloves of Qops {+Fly}
MR       ++...                  (no boots)
Stlth    +++++.....             t - amulet of the gourmand
HPRegen  0.33/turn              J - ring of poison resistance
MPRegen  0.28/turn              C - ring of wizardry

@: lethally poisoned (-16 -> -28), very slightly contaminated, constricted
A: permanent stasis, dig shafts and tunnels, four strong arms, antennae 3
a: Dig, Shaft Self, Renounce Religion, Evoke Flight


You were on level 3 of the Snake Pit.
You worshipped Vehumet.
Vehumet was exalted by your worship.
You were not hungry.

You visited 5 branches of the dungeon, and saw 27 of its levels.
You also visited: Ossuary and Ice Cave.

You collected 2270 gold pieces.
You spent 323 gold pieces at shops.

Inventory:

Hand Weapons
 M - the +0 trident of Satyriasis (weapon) {holy, rF+ MP+9 Int+3 Dex-5}
   (You found it on level 10 of the Dungeon)

   It has been blessed by the Shining One to cause great damage to the undead
   and demons.
   It affects your intelligence (+3).
   It affects your dexterity (-5).
   It protects you from fire.
   It affects your magic capacity (+9).
 R - a +1 demon whip of electrocution
Missiles
 B - 200 stones (quivered)
Armour
 c - a +2 leather armour of magic resistance (worn)
 y - a +0 shield of cold resistance
 A - a scarf of cloud immunity (worn)
 K - a +0 troll leather armour
 Q - the +2 pair of gloves of Qops (worn) {+Fly}
   (You bought it in a shop on level 1 of the Orcish Mines)

   It lets you fly.
Jewellery
 h - the ring "Waomm" {+Inv MP+9 Str+3}
   (You found it on level 6 of the Lair of Beasts)

   [ring of magical power]

   It affects your strength (+3).
   It affects your magic capacity (+9).
   It lets you turn invisible.
 t - an amulet of the gourmand (around neck)
 z - an uncursed ring of protection from fire
 C - a ring of wizardry (right hand)
 F - a +3 ring of protection
 J - a ring of poison resistance (left hand)
 S - an uncursed ring of protection from magic
Wands
 e - a wand of paralysis (23)
 f - a wand of flame (33)
 k - a wand of iceblast (9)
 q - a wand of digging (13)
 L - a wand of disintegration (11)
Scrolls
 a - 13 scrolls of remove curse
 b - a scroll of amnesia
 g - 3 scrolls of fear
 j - a scroll of identify
 n - 3 scrolls of enchant armour
 E - 5 scrolls of enchant weapon
 I - 2 scrolls of magic mapping
Potions
 i - 5 potions of lignification
 l - 6 potions of flight
 m - 2 potions of ambrosia
 p - 5 potions of curing
 r - 6 potions of agility
 u - 5 potions of mutation
 v - 3 potions of heal wounds
 w - 2 potions of invisibility
 D - a potion of brilliance
 G - 3 potions of cancellation
 N - 5 potions of might
 O - 3 potions of resistance
Miscellaneous
 o - a fan of gales
 H - a lamp of fire
 P - a box of beasts
Comestibles
 d - 21 rations


   Skills:
 + Level 11.2 Fighting
 - Level 4.4 Maces & Flails
 - Level 10.0 Dodging
 + Level 13.2 Stealth
 + Level 4.8 Shields
 + Level 11.5 Spellcasting
 + Level 9.7 Conjurations
 - Level 6.0 Summonings
 - Level 1.1 Transmutations
 + Level 6.0 Ice Magic
 + Level 5.4 Air Magic
 - Level 18.0 Earth Magic
 + Level 7.8 Evocations


You had 5 spell levels left.
You knew the following spells:

 Your Spells              Type           Power        Failure   Level  Hunger
a - Sandblast             Erth           ######       0%          1    None
b - Stone Arrow           Conj/Erth      ######       1%          3    None
c - Passwall              Tmut/Erth      ######....   1%          2    None
d - Lee's Rapid Deconstr  Erth           #######...   1%          5    ###....
e - Iron Shot             Conj/Erth      ######....   1%          6    #####..
f - Summon Lightning Spi  Summ/Air       #####...     1%          4    None
g - Apportation           Tloc           ##....       2%          1    None
h - Freezing Cloud        Conj/Ice/Air   #####.....   5%          6    #####..
i - Orb of Destruction    Conj           ######....   10%         7    ######.


Dungeon Overview and Level Annotations

Branches:
Dungeon (15/15)            Temple (1/1) D:6            Lair (6/6) D:9
 Shoals (0/4) Lair:3        Snake (3/4) Lair:4        Slime (0/5) Lair:6
    Orc (2/2) D:11            Elf (0/3) Orc:2        Vaults (0/5) D:13
 Depths (0/5) D:15

Altars:
Ashenzari
Cheibriados
Dithmenos
Elyvilon
Fedhas
Gozag
Hepliaklqana
Kikubaaqudgha
Makhleb
Nemelex Xobeh
Okawaru
Qazlal
Ru
Sif Muna
Trog
Uskayaw
Vehumet
Wu Jian
Yredelemnul
Zin
The Shining One
Jiyva

Shops:
D:10 !   Orc:1 *   Orc:2 *}!

Annotations:
D:5 feelmyfire's ghost, novice DsAK
D:15 Kirke
Lair:6 1 runed door
Snake:3 Aizul


Innate Abilities, Weirdness & Mutations

You cannot be hasted, slowed, berserked, paralysed or teleported.
You can dig through walls and to a lower floor.
Your four strong arms can wield two-handed weapons with a shield.
You have a pair of large antennae on your head. (SInv)


Message History

Press: ? - help, Dir - move target cursor, f - naga warrior
Aim: a naga warrior, wielding a battleaxe (heavily wounded, fast, catching its breath)
You feel sick.
Aizul is engulfed in freezing vapours.
Aizul casts a spell at you.
The bolt of poison hits the naga warrior.
The bolt of poison hits you! You resist.
* * * LOW HITPOINT WARNING * * *
The naga warrior is engulfed in freezing vapours.
The naga warrior hits you with a battleaxe!!
* * * LOW HITPOINT WARNING * * *
The naga warrior grabs you.
* * * LOW HITPOINT WARNING * * *
The naga warrior constricts you.
Aizul is engulfed in freezing vapours.
Aizul casts a spell at you.
The bolt of poison hits the naga warrior.
The bolt of poison hits you! You resist.
* * * LOW HITPOINT WARNING * * *
The naga warrior is engulfed in freezing vapours.
The naga warrior hits you with a battleaxe!!
You die...

..........# #..##N.)...##
..........####
.###.§§§§.##
..............
##..{§§§§##
..............##...§§§§##
.............##....§§§##
..........# ##..#{S§.##
..........###..###§§##
...>.....^....###N§##
..............##@§##
###################


You could see Aizul and a naga warrior.

Vanquished Creatures
  2 nagarajas (Snake:2)
  Louise (Snake:3)
  A stone giant (Orc:2)
  2 entropy weavers (Lair:6)
  A fire dragon (D:12)
  Josephine (Lair:4)
  The ghost of Daviar the Spear-Bearer, a journeyman TeBe of Trog (Lair:2)
  5 naga warriors (Snake:2)
  A rakshasa (D:15)
  4 catoblepae (Lair:6)
  9 anacondas
  2 centaur warriors
  6 hydras
  8 death yaks (Lair:6)
  8 two-headed ogres
  Erica (Lair:2)
  A queen ant (Lair:6)
  4 naga sharpshooters
  3 orc high priests (Orc:2)
  7 shock serpents
  2 salamander mystics
  A flayed ghost (D:15)
  A skeletal warrior (D:15)
  3 naga ritualists
  6 unseen horrors
  A wizard (D:13)
  12 mana vipers
  A necromancer (D:15)
  11 deep elf magi
  A tengu zombie (D:15)
  An orc knight (D:15)
  A wolf spider zombie (D:13)
  2 orc sorcerers
  5 ugly things
  3 manticores
  7 salamanders
  A fire giant zombie (D:15)
  4 elephants (Lair:3)
  A cyclops (Orc:2)
  5 naga magi
  21 black mambas
  2 ice statues (IceCv)
  A torpor snail (Lair:5)
  3 gargoyles
  A guardian serpent (Snake:2)
  12 spiny frogs
  4 komodo dragons
  A redback zombie (D:15)
  A guardian mummy (D:15)
  6 trolls
  3 meliai (D:15)
  12 polar bears
  A hornet (D:9)
  A fire dragon zombie (D:15)
  8 slime creatures
  12 blink frogs
  12 dream sheep (Lair:6)
  7 hippogriffs
  A meliai zombie (D:14)
  Sigmund (D:3)
  A centaur simulacrum (D:15)
  73 yaks
  5 wyverns
  3 wraiths (Lair:4)
  A vampire (D:13)
  A shadow (D:15)
  4 basilisks
  4 hungry ghosts
  6 vampire mosquitoes (D:14)
  Menkaure (D:4)
  2 wargs
  12 nagas
  2 acid dragons (D:13)
  15 soldier ants (Lair:6)
  8 water moccasins
  14 orc warriors
  11 porcupines
  5 sky beasts
  3 black bears (D:9)
  5 ice beasts
  5 phantoms
  A necrophage (D:11)
  12 centaurs
  8 ogres
  11 wolves
  20 crocodiles
  13 bullfrogs
  3 elf zombies (Ossuary)
  3 big kobolds
  2 wyvern skeletons (D:14)
  4 scorpions
  10 killer bees (D:8)
  3 howler monkeys (D:7)
  8 wights
  3 crimson imps
  6 centaur zombies
  A human zombie (Ossuary)
  A quasit (D:8)
  A bullfrog zombie (D:8)
  6 hounds
  5 jellies
  12 centaur skeletons
  35 orc priests
  Crazy Yiuf (D:7)
  2 bullfrog skeletons
  A gnoll shaman (D:6)
  5 iguanas
  Jessica (D:3)
  32 orc wizards
  Natasha (twice) (D:3)
  21 worker ants
  2 big kobold zombies (Ossuary)
  2 hound skeletons
  2 mummies (Ossuary)
  2 worker ant zombies
  2 howler monkey skeletons
  15 adders
  6 gnolls
  2 river rats (D:5)
  A shadow imp (D:13)
  2 oozes
  An adder zombie (D:6)
  An adder skeleton (D:8)
  A worm (D:3)
  4 leopard geckos
  69 orcs
  7 bats
  8 giant cockroaches
  11 goblins
  10 hobgoblins
  8 jackals
  10 kobolds
  6 quokkas
  A ball python (D:5)
  7 frilled lizards
  A goblin zombie (Ossuary)
  7 hobgoblin zombies (Ossuary)
  A jackal skeleton (D:5)
  A jackal zombie (Ossuary)
  7 kobold zombies (Ossuary)
  A leopard gecko skeleton (D:7)
  A leopard gecko zombie (D:5)
  10 orc zombies (Ossuary)
  A quokka skeleton (D:6)
  A quokka zombie (D:8)
  5 rats
  2 rat zombies (Ossuary)
  2 plants (Lair:6)
881 creatures vanquished.

Vanquished Creatures (collateral kills)
  Mara (Snake:3)
  A frost giant (IceCv)
  An ettin (Orc:2)
  3 naga warriors
  3 naga sharpshooters
  A death yak (Lair:6)
  An orc high priest (Orc:2)
  3 naga ritualists
  A mana viper (Snake:2)
  A frost giant zombie (D:15)
  2 elephants (Lair:3)
  7 black mambas
  4 naga magi (Snake:1)
  5 spiny frogs
  3 komodo dragons
  2 polar bears (IceCv)
  A slime creature (D:15)
  5 blink frogs
  2 dream sheep (Lair:5)
  4 hippogriffs
  A wraith (Lair:4)
  17 yaks
  A basilisk (Lair:4)
  11 nagas
  6 water moccasins
  4 soldier ants (Lair:6)
  2 orc warriors (Orc:2)
  A porcupine (Lair:4)
  4 wolves
  A centaur (D:15)
  6 crocodiles
  A bullfrog (Lair:2)
  2 wights (D:14)
  An orc priest (Orc:2)
  11 worker ants (Lair:6)
  A gnoll (Orc:1)
  4 orcs
125 creatures vanquished.

Vanquished Creatures (others)
  8 fungi
  16 plants
  8 withered plants (D:15)
32 creatures vanquished.

Grand Total: 1038 creatures vanquished

Notes
Turn   | Place    | Note
-------+----------+-------------------------------------------
     0 | D:1      | inmateoo the Formicid Earth Elementalist began the quest for the Orb.
     0 | D:1      | Reached XP level 1. HP: 13/13 MP: 3/3
   241 | D:1      | Reached XP level 2. HP: 19/19 MP: 3/5
   366 | D:1      | Reached skill level 4 in Earth Magic
   533 | D:1      | Reached XP level 3. HP: 24/24 MP: 3/6
  1110 | D:2      | Found a hide-covered altar of Uskayaw.
  1259 | D:2      | Learned a level 3 spell: Stone Arrow
  1262 | D:2      | Learned a level 2 spell: Passwall
  1842 | D:2      | Reached XP level 4. HP: 30/30 MP: 5/7
  2297 | D:3      | Reached skill level 5 in Earth Magic
  2297 | D:3      | Reached XP level 5. HP: 29/35 MP: 7/9
  2388 | D:3      | Noticed Jessica
  2390 | D:3      | Killed Jessica
  2455 | D:3      | Reached XP level 6. HP: 37/41 MP: 8/10
  2609 | D:3      | Reached skill level 6 in Earth Magic
  2637 | D:3      | Noticed Sigmund
  3410 | D:3      | Noticed Natasha
  3417 | D:3      | Killed Natasha
  3567 | D:3      | Noticed Natasha
  3852 | D:3      | Killed Sigmund
  3852 | D:3      | Reached skill level 7 in Earth Magic
  3852 | D:3      | Reached XP level 7. HP: 36/46 MP: 4/13
  3939 | D:3      | Killed Natasha
  4161 | D:4      | Noticed Menkaure
  4167 | D:4      | Killed Menkaure
  4313 | D:4      | Found an ornate altar of the Wu Jian Council.
  4337 | D:4      | Learned a level 5 spell: Lee's Rapid Deconstruction
  4786 | D:5      | Entered Level 5 of the Dungeon
  4792 | D:5      | Reached XP level 8. HP: 52/52 MP: 6/14
  4898 | D:5      | Noticed feelmyfire's ghost (novice DsAK)
  4993 | D:5      | Reached skill level 8 in Earth Magic
  5099 | D:5      | Learned a level 4 spell: Petrify
  5412 | D:5      | Reached skill level 5 in Spellcasting
  5412 | D:5      | Reached skill level 1 in Conjurations
  6214 | D:5      | Reached skill level 9 in Earth Magic
  6340 | D:6      | Found a staircase to the Ecumenical Temple.
  6373 | Temple   | Entered the Ecumenical Temple
  6417 | Temple   | Became a worshipper of Vehumet
  6500 | D:6      | Reached XP level 9. HP: 50/57 MP: 13/17
  7061 | D:7      | Reached skill level 1 in Fighting
  7122 | D:7      | Reached skill level 5 in Dodging
  7126 | D:7      | Reached * piety under Vehumet
  7126 | D:7      | Offered knowledge of Sting by Vehumet.
  7126 | D:7      | Reached skill level 1 in Maces & Flails
  8111 | D:7      | Found a runed door.
  8177 | D:7      | Noticed Crazy Yiuf
  8179 | D:7      | Killed Crazy Yiuf
  8384 | D:8      | Reached skill level 10 in Earth Magic
  8557 | D:8      | Found a sand-covered staircase.
  8583 | Ossuary  | Entered an ossuary
  8721 | Ossuary  | Reached ** piety under Vehumet
  8721 | Ossuary  | Offered knowledge of Flame Tongue by Vehumet.
  8795 | Ossuary  | Reached XP level 10. HP: 69/69 MP: 3/19
  9084 | Ossuary  | Reached skill level 5 in Stealth
  9088 | Ossuary  | Offered knowledge of Inner Flame by Vehumet.
  9424 | D:8      | Found a shadowy altar of Dithmenos.
  9425 | D:8      | Found an iron altar of Okawaru.
  9426 | D:8      | Found a blossoming altar of Fedhas.
  9428 | D:8      | Found a white marble altar of Elyvilon.
  9473 | D:8      | Found a glowing golden altar of the Shining One.
  9617 | D:8      | Reached *** piety under Vehumet
 10101 | D:9      | Reached skill level 11 in Earth Magic
 10213 | D:9      | Offered knowledge of Sticky Flame by Vehumet.
 10228 | D:9      | Got a slimy battleaxe {chop}
 10231 | D:9      | Identified the cursed +1 battleaxe of Vanity {chop, rC+ Str-3 Int+4} (You took it off a wight on level 9 of the Dungeon)
 10320 | D:9      | Found a hide-covered altar of Uskayaw.
 10577 | D:9      | Reached XP level 11. HP: 78/78 MP: 14/21
 10718 | D:9      | Found a staircase to the Lair.
 11152 | D:9      | Found a burning altar of Makhleb.
 11152 | D:9      | Found a sparkling altar of Nemelex Xobeh.
 11189 | D:10     | Entered Level 10 of the Dungeon
 11189 | D:10     | Found Imof's Distillery.
 11232 | D:10     | Learned a level 4 spell: Summon Lightning Spire
 11261 | D:10     | Reached **** piety under Vehumet
 11263 | D:10     | Reached skill level 1 in Summonings
 11302 | D:10     | Offered knowledge of Olgreb's Toxic Radiance by Vehumet.
 11410 | D:10     | Got a twisted trident
 11412 | D:10     | Identified the +0 trident of Satyriasis {holy, rF+ MP+9 Int+3 Dex-5} (You found it on level 10 of the Dungeon)
 11423 | D:10     | Reached skill level 5 in Fighting
 11674 | D:10     | Reached skill level 12 in Earth Magic
 12385 | D:11     | Reached ***** piety under Vehumet
 12549 | D:11     | Noticed a manticore
 12553 | D:11     | Killed a manticore
 12553 | D:11     | Reached skill level 5 in Conjurations
 12567 | D:11     | Offered knowledge of Bolt of Fire by Vehumet.
 12823 | D:11     | Noticed an unseen horror
 12824 | D:11     | Killed an unseen horror
 12841 | D:11     | Reached XP level 12. HP: 39/87 MP: 16/23
 13346 | D:11     | Got a shimmering hand axe
 13518 | D:11     | Identified the +6 hand axe of Balance {venom, Str+4} (You found it on level 11 of the Dungeon)
 13568 | D:11     | Noticed a six-headed hydra
 13570 | D:11     | Killed a six-headed hydra
 13719 | D:11     | Found a staircase to the Orcish Mines.
 13863 | D:11     | Reached skill level 13 in Earth Magic
 14900 | D:12     | Noticed a two-headed ogre
 14902 | D:12     | Killed a two-headed ogre
 14965 | D:12     | Offered knowledge of Airstrike by Vehumet.
 15090 | D:12     | Noticed a sixfirhy
 15244 | D:12     | Noticed a fire dragon
 15257 | D:12     | Killed a fire dragon
 15481 | D:12     | Noticed an unseen horror
 15484 | D:12     | Killed an unseen horror
 15484 | D:12     | Reached XP level 13. HP: 90/95 MP: 19/25
 15503 | D:12     | Noticed a four-headed hydra
 15508 | D:12     | Killed a four-headed hydra
 16416 | D:13     | Reached skill level 14 in Earth Magic
 16526 | D:13     | Reached skill level 5 in Summonings
 16983 | D:13     | Found a deep blue altar of Sif Muna.
 17557 | D:13     | Found a gate to the Vaults.
 17648 | D:14     | Noticed a centaur warrior
 18231 | D:14     | Killed a centaur warrior
 18501 | D:14     | Reached XP level 14. HP: 105/105 MP: 27/27
 18705 | D:14     | Identified a scroll of acquirement
 18839 | D:14     | Found a bloodstained altar of Trog.
 19079 | D:14     | Reached skill level 10 in Stealth
 19109 | D:14     | Offered knowledge of Poison Arrow by Vehumet.
 19677 | D:15     | Entered Level 15 of the Dungeon
 19684 | D:15     | Reached skill level 15 in Earth Magic
 19733 | D:15     | Reached skill level 1 in Evocations
 19956 | D:15     | Reached skill level 1 in Air Magic
 21092 | D:15     | Noticed Kirke
 21460 | Lair:1   | Entered Level 1 of the Lair of Beasts
 21531 | Lair:1   | Learned a level 1 spell: Apportation
 22753 | Lair:2   | Noticed Daviar's ghost (journeyman TeBe)
 22762 | Lair:2   | Killed Daviar's ghost
 22815 | Lair:2   | Found a frozen archway.
 22826 | IceCv    | Entered an ice cave
 22954 | IceCv    | Reached XP level 15. HP: 113/113 MP: 27/28
 22956 | IceCv    | Offered knowledge of Freezing Cloud by Vehumet.
 22972 | IceCv    | Learned a level 6 spell: Freezing Cloud
 23581 | IceCv    | Noticed a frost giant
 23599 | IceCv    | Killed a frost giant
 23599 | IceCv    | Reached skill level 1 in Ice Magic
 24009 | Lair:2   | Noticed Erica
 24016 | Lair:2   | Killed Erica
 24016 | Lair:2   | Reached skill level 10 in Spellcasting
 24844 | Lair:3   | Found a staircase to the Shoals.
 24893 | Lair:3   | Reached skill level 16 in Earth Magic
 26089 | Lair:4   | Noticed Josephine
 26104 | Lair:4   | Killed Josephine
 26447 | Lair:4   | Found a staircase to the Snake Pit.
 27582 | Lair:6   | Entered Level 6 of the Lair of Beasts
 27825 | Lair:6   | Found a runed door.
 27826 | Lair:6   | Noticed an acid blob
 27831 | Lair:6   | Found a viscous altar of Jiyva.
 27894 | Lair:6   | Reached skill level 5 in Evocations
 28132 | Lair:6   | Noticed an acid blob
 28468 | Lair:6   | Offered knowledge of Orb of Destruction by Vehumet.
 28468 | Lair:6   | Reached XP level 16. HP: 116/122 MP: 30/30
 28535 | Lair:6   | Noticed an acid blob
 28536 | Lair:6   | Found a staircase to the Slime Pits.
 28947 | Lair:6   | Learned a level 7 spell: Orb of Destruction
 29363 | Lair:6   | Found a glowing golden altar of the Shining One.
 29859 | Lair:6   | Reached skill level 10 in Fighting
 30252 | Lair:6   | Got an ancient amber ring
 30253 | Lair:6   | Identified the ring "Waomm" {+Inv MP+9 Str+3} (You found it on level 6 of the Lair of Beasts)
 30654 | Orc:1    | Entered Level 1 of the Orcish Mines
 30729 | Orc:1    | Found Ereh's Assorted Antiques.
 30735 | Orc:1    | Bought a pair of pitted gloves for 323 gold pieces
 30740 | Orc:1    | Identified the +2 pair of gloves of Qops {+Fly} (You bought it in a shop on level 1 of the Orcish Mines)
 31227 | Orc:2    | Entered Level 2 of the Orcish Mines
 31236 | Orc:2    | Reached skill level 17 in Earth Magic
 31631 | Orc:2    | Reached ****** piety under Vehumet
 31933 | Orc:2    | Offered knowledge of Iron Shot by Vehumet.
 31971 | Orc:1    | Learned a level 6 spell: Iron Shot
 32970 | Orc:2    | Found a staircase to the Elven Halls.
 33091 | Orc:2    | Found Vuirgh's Assorted Antiques.
 33091 | Orc:2    | Found Mequuc's Gadget Boutique.
 33092 | Orc:2    | Found Oheshaim's Weapon Shop.
 33095 | Orc:2    | Found Ahean's Distillery.
 33402 | D:15     | Reached skill level 10 in Dodging
 33865 | D:15     | Found a staircase to the Depths.
 34485 | Snake:1  | Entered Level 1 of the Snake Pit
 34965 | Snake:1  | Reached skill level 1 in Shields
 34965 | Snake:1  | Reached XP level 17. HP: 22/129 MP: 19/31
 37786 | Snake:2  | Offered knowledge of Conjure Ball Lightning by Vehumet.
 37802 | Snake:2  | Reached skill level 5 in Ice Magic
 39810 | Snake:2  | Reached skill level 5 in Air Magic
 40644 | Snake:2  | Reached skill level 18 in Earth Magic
 41217 | Snake:3  | Noticed Louise
 41260 | Snake:3  | Killed Louise
 41462 | Snake:3  | Reached XP level 18. HP: 117/138 MP: 27/33
 41606 | Snake:3  | Noticed Mara
 41610 | Snake:3  | Noticed inmateoo's illusion
 41634 | Snake:3  | Killed Mara
 41634 | Snake:3  | Offered knowledge of Lehudib's Crystal Spear by Vehumet.
 41634 | Snake:3  | Offered knowledge of Glaciate by Vehumet.
 41634 | Snake:3  | Offered knowledge of Ignition by Vehumet.
 41887 | Snake:3  | Noticed Aizul
 41910 | Snake:3  | HP: 3/138 [Aizul/bolt of poison (9)]
 41910 | Snake:3  | Demolished by a naga warrior

Skill      XL: |  1  2  3  4  5  6  7  8  9 10 11 12 13 14 15 16 17 18 |
---------------+-------------------------------------------------------+-----
Dodging        | 2 3 4 5 6 7 8 9 10 | 10.0
Earth Magic    | 4 5 7 9 10 11 12 13 14 15 16 17 18 | 18.0
Stealth        | 3 4 6 7 8 9 10 11 12 13 | 13.2
Spellcasting   | 3 4 5 6 7 8 9 10 11 | 11.5
Conjurations   | 1 3 4 5 6 7 8 9 |  9.7
Fighting       | 2 4 5 6 8 9 10 11 | 11.2
Maces & Flails | 2 3 4 |  4.4
Summonings     | 2 4 5 6 |  6.0
Evocations     | 3 5 6 7 |  7.8
Air Magic      | 2 3 4 5 |  5.4
Ice Magic      | 3 4 5 6 |  6.0
Shields        | 1 4 |  4.8
Transmutations | |  1.1

Action                   |  1- 3 |  4- 6 |  7- 9 | 10-12 | 13-15 | 16-18 || total
-------------------------+-------+-------+-------+-------+-------+-------++-------
Melee: Unarmed           |     9 |       |       |       |       |       ||     9
       Scythe            |       |       |    15 |       |       |       ||    15
       Whip              |       |       |    70 |   188 |       |       ||   258
       Trident           |       |       |       |    46 |    60 |    68 ||   174
 Fire: Hunting sling     |    54 |    62 |    20 |       |       |       ||   136
Throw: Stone             |       |       |       |       |     1 |       ||     1
 Cast: Sandblast         |    36 |    36 |    69 |    47 |   207 |    59 ||   454
       Stone Arrow       |       |     6 |    26 |   123 |   255 |   269 ||   679
       Lee's Rapid Decon |       |       |    35 |    95 |   159 |    78 ||   367
       Petrify           |       |       |     6 |     8 |     7 |       ||    21
       Summon Lightning  |       |       |       |     3 |    71 |    85 ||   159
       Freezing Cloud    |       |       |       |       |     8 |    49 ||    57
       Iron Shot         |       |       |       |       |       |    27 ||    27
       Orb of Destructio |       |       |       |       |       |    21 ||    21
       Apportation       |       |       |       |       |       |     1 ||     1
 Abil: Dig               |       |     4 |     2 |       |     2 |     7 ||    15
Evoke: Wand              |       |       |     5 |       |       |     3 ||     8
       Lamp of fire      |       |       |       |       |     1 |     2 ||     3
  Use: Scroll            |       |     7 |     5 |     6 |    15 |     4 ||    37
       Potion            |       |     1 |       |       |     3 |     8 ||    12
 Stab: Petrified         |       |       |    10 |    12 |     1 |       ||    23
       Sleeping          |       |       |     3 |     1 |     2 |       ||     6
       Distracted        |       |       |       |     1 |       |       ||     1
  Eat: Chunk             |     3 |     4 |    20 |    50 |    63 |    48 ||   188
       Ration            |       |     1 |     3 |     1 |     3 |     9 ||    17
Armor: Robe              |     9 |     4 |    25 |    66 |       |       ||   104
       Leather armour    |       |       |       |    18 |    33 |    52 ||   103
Dodge: Dodged            |    26 |    12 |    88 |   167 |   165 |   153 ||   611
